 Dungeon Crawl Stone Soup version 0.30-a0-793-g160f7cfddd (webtiles) character file.

Game seed: 12076979826362143740

1139 BubbleThief the Destroyer (level 8, 0/57 HPs)
             Began as a Green Draconian Conjurer on Feb 20, 2023.
             Was a Believer of Vehumet.
             Slain by a gnoll sergeant
             ... wielding a +2 vampiric spear
              (4 damage)
             ... on level 6 of the Dungeon.
             The game lasted 00:12:24 (6957 turns).

BubbleThief the Destroyer (DrCj)                    Turns: 6957, Time: 00:12:24

Health: 0/57       AC:  8    Str:  9    XL:     8   Next: 14%
Magic:  1/16       EV: 12    Int: 21    God:    Vehumet [**....]
Gold:   243        SH:  0    Dex: 10    Spells: 14/17 levels left

rFire   + . .      SeeInvis .    c - +0 long sword
rCold   + . .      Faith    .    (no shield)
rNeg    . . .      Spirit   .    (body armour unavailable)
rPois   +          Reflect  .    (helmet restricted)
rElec   +          Harm     .    C - +0 cloak
rCorr   +          Rampage  .    (no gloves)
Will    .....                    D - +0 pair of boots
Stlth   ++                       (no amulet)
HPRegen 0.29/turn                (no ring)
MPRegen 0.15/turn                (no ring)

@: mighty, short of breath, resistant, flying
A: breathe noxious fumes, AC +6, unfitting armour, poison resistance,
cold-blooded
a: Breathe Noxious Fumes, Renounce Religion


You were on level 6 of the Dungeon.
You worshipped Vehumet.
Vehumet was pleased with you.
You visited 1 branch of the dungeon, and saw 6 of its levels.
You also visited: Ossuary.

You collected 243 gold pieces.

Inventory:

Hand Weapons
 c - a +0 long sword (weapon)
 i - a +2 hand axe of draining
 v - a +2 dagger of flaming
Armour
 C - a +0 cloak (worn)
 D - a +0 pair of boots (worn)
Jewellery
 A - a ring of fire
Wands
 s - a wand of paralysis (5)
Scrolls
 d - 3 scrolls of amnesia {unknown}
 g - 2 scrolls of enchant armour {unknown}
 j - 5 scrolls of identify
 k - 2 scrolls of fog {unknown}
 q - a scroll of blinking {unknown}
 u - 3 scrolls of teleportation
 w - a scroll of torment {unknown}
 x - a scroll of poison
 y - a scroll of magic mapping {unknown}
 z - a scroll of brand weapon {unknown}
 B - a scroll of enchant weapon
Potions
 a - a potion of magic
 b - 2 potions of flight
 e - 2 potions of heal wounds {unknown}
 f - a potion of berserk rage {unknown}
 h - 2 potions of might
 l - a potion of resistance
 m - a potion of curing {unknown}
 n - a potion of brilliance {unknown}
 o - a potion of ambrosia {unknown}
 p - 2 potions of haste {unknown}
 r - 2 potions of invisibility {unknown}
 t - a potion of lignification {unknown}


   Skills:
 - Level 1.7 Dodging
 - Level 1.7 Stealth
 + Level 5.3 Spellcasting
 * Level 9.0 Conjurations


You had 14 spell levels left.
You knew the following spells:

 Your Spells              Type           Power      Damage    Failure   Level
a - Magic Dart            Conj           100%       1d8       1%          1
b - Searing Ray           Conj           86%        2d7       1%          2

Your spell library contained the following spells:

 Spells                   Type           Power      Damage    Failure   Level
 Scorch                   Fire           10%        2d6       16%         2
 Kiss of Death            Conj/Necr      96%        2d12      1%          1
 Dazzling Flash           Conj/Hex       48%        N/A       4%          3
 Stone Arrow              Conj/Erth      48%        3d10      4%          3
 Sandblast                Erth           10%        2d5       11%         1
 Passwall                 Tmut/Erth      4%         N/A       16%         2
 Fulminant Prism          Conj/Hex       12%        3d9       16%         4
 Iskenderun's Mystic Bla  Conj/Tloc      24%        2d7       16%         4
 Confusing Touch          Hex            5%         N/A       30%         3
 Dispel Undead            Necr           5%         3d7       71%         4
 Agony                    Necr           5%         N/A       96%         5
 Silence                  Hex/Air        2%         N/A       96%         5


Dungeon Overview and Level Annotations

Branches:
Dungeon (6/15)             Temple (0/1) D:4         Ossuary (visited)

Altars:
Fedhas
Hepliaklqana
Kikubaaqudgha
Okawaru
Vehumet
Xom

Annotations:
D:4 3 runed translucent doors, Smoke131's ghost, amateur OgGl; asti's ghost, amateur DsFi; souper's ghost, amateur DsCj; souper's ghost, amateur DsHu


Innate Abilities, Weirdness & Mutations

You can breathe blasts of noxious fumes.
Your lurid green scales are hard. (AC +6)
You cannot fit into any form of body armour.
Your system is resistant to poisons. (rPois)
You are cold-blooded and may be slowed by cold attacks.


Message History

The gnoll hits you with a +0 club.
* * * LOW HITPOINT WARNING * * *
The gnoll sergeant closely misses you. The gnoll attacks as you move away!
The gnoll hits you with a +0 club.
* * * LOW HITPOINT WARNING * * *
Casting: Searing Ray (safe; 1% risk of failure)
Confirm with . or Enter, or press ? or * to list all spells.
Aiming: Searing Ray (safe; 1% risk of failure)
Press: ? - help, Shift-Dir - straight line, f/p - gnoll sergeant
Aim: a gnoll sergeant, wielding a +2 vampiric spear and wearing a +3 scale mail (moderately wounded, 87% to hit)
The searing ray hits the gnoll.
The gnoll is moderately wounded.
The searing ray hits the gnoll sergeant.
The gnoll sergeant is heavily wounded. (Press . to maintain the ray.)
The gnoll barely misses you.
The gnoll sergeant hits you from afar with a +2 vampiric spear.
* * * LOW HITPOINT WARNING * * *
The searing ray hits the gnoll!
You kill the gnoll!
Vehumet accepts your kill.
The searing ray hits the gnoll sergeant but does no damage.
The gnoll sergeant is heavily wounded.
The gnoll sergeant hits you from afar with a +2 vampiric spear.
* * * LOW HITPOINT WARNING * * *
The gnoll sergeant draws strength from your wounds!
Your Conjurations skill increases to level 9!
It was a potion of flight.
You feel very buoyant.
You fly up into the air.
The gnoll sergeant hits you from afar with a +2 vampiric spear.
* * * LOW HITPOINT WARNING * * *
It was a potion of might.
You feel very mighty all of a sudden.
The gnoll sergeant completely misses you.
Your magical contamination has completely faded away.
It was a potion of resistance.
You feel protected.
The gnoll sergeant hits you from afar with a +2 vampiric spear.
You die...

###### #.@..#
#.)./# #)g..#
#####....#######
##...............
#..<##.##.......g
##..##.##.).)....
.......##.....g..
#.###.##)##.####


You could see a gnoll sergeant.

Vanquished Creatures
  Eustachio (D:4)
  2 ogres
  An elf zombie (D:5)
  The ghost of kingofthe the Conjurer, an amateur DECj (D:3)
  A necrophage (D:5)
  A scorpion (D:5)
  A hound (D:5)
  A jelly (D:5)
  Crazy Yiuf (D:3)
  2 human zombies (Ossuary)
  An iguana (D:5)
  2 orc wizards (D:5)
  Terence (D:3)
  A scorpion simulacrum (D:3)
  4 mummies (Ossuary)
  Robin (D:3)
  8 gnolls
  4 adders
  A white imp (D:5)
  An ufetubus (D:4)
  3 worms
  2 dart slugs
  4 orcs
  7 bats
  11 endoplasms
  5 giant cockroaches
  A gnoll zombie (Ossuary)
  16 goblins
  8 hobgoblins
  3 jackals (D:3)
  4 quokkas
  7 ball pythons
  A ball python simulacrum (D:3)
  3 frilled lizards
  A giant cockroach simulacrum (D:3)
  2 goblin zombies (Ossuary)
  2 hobgoblin zombies (Ossuary)
  A jackal simulacrum (D:3)
  7 kobolds
  A kobold zombie (Ossuary)
  3 orc skeletons (D:5)
  2 orc zombies (D:5)
  A quokka simulacrum (D:3)
  5 rats
136 creatures vanquished.

Notes
Turn   | Place    | Note
-------+----------+-------------------------------------------
     0 | D:1      | BubbleThief the Draconian Conjurer began the quest for the
                  | Orb.
     0 | D:1      | Reached XP level 1. HP: 14/14 MP: 3/3
   213 | D:1      | Reached XP level 2. HP: 20/20 MP: 1/5
  1394 | D:2      | Reached XP level 3. HP: 9/26 MP: 0/6
  1400 | D:2      | Learned a level 2 spell: Searing Ray
  1653 | D:2      | Reached skill level 5 in Conjurations
  2129 | D:2      | Reached XP level 4. HP: 33/33 MP: 5/8
  2555 | D:3      | Noticed Terence
  2560 | D:3      | Killed Terence
  2860 | D:3      | Found a radiant altar of Vehumet.
  2897 | D:3      | Became a worshipper of Vehumet
  2915 | D:3      | Found a runed translucent gate.
  2915 | D:3      | Found a runed translucent gate.
  2916 | D:3      | Found a runed translucent gate.
  2960 | D:3      | You fall into a shaft and drop 3 floors!
  2964 | D:6      | Noticed an ogre
  2968 | D:6      | Killed an ogre
  2969 | D:6      | Reached skill level 6 in Conjurations
  2969 | D:6      | Reached XP level 5. HP: 38/38 MP: 3/10
  3035 | D:5      | Entered Level 5 of the Dungeon
  3193 | D:5      | Reached XP level 6. HP: 45/45 MP: 2/11
  3256 | D:5      | Found an iron altar of Okawaru.
  3396 | D:5      | Found a sand-covered staircase.
  3402 | Ossuary  | Entered an ossuary
  3768 | Ossuary  | Reached skill level 7 in Conjurations
  4042 | D:5      | Found a hazy altar of Hepliaklqana.
  4173 | D:5      | Reached * piety under Vehumet
  4173 | D:5      | Offered knowledge of Foxfire by Vehumet.
  4174 | D:5      | Your scales start taking on a lurid green colour.
  4174 | D:5      | Reached XP level 7. HP: 49/50 MP: 3/13
  4174 | D:5      | Gained mutation: Your system is resistant to poisons.
                  | (rPois) [Green Draconian growth]
  4532 | D:5      | Found a shimmering altar of Xom.
  4927 | D:4      | Found a blossoming altar of Fedhas.
  5268 | D:4      | Reached skill level 8 in Conjurations
  5324 | D:4      | Found a staircase to the Ecumenical Temple.
  5369 | D:4      | Noticed Eustachio
  5378 | D:4      | Killed Eustachio
  5379 | D:4      | Reached skill level 5 in Spellcasting
  5454 | D:4      | Found a runed translucent gate.
  5455 | D:4      | Found a runed translucent gate.
  5456 | D:4      | Found a runed translucent gate.
  5458 | D:4      | Noticed souper's ghost (amateur DsCj)
  5458 | D:4      | Noticed souper's ghost (amateur DsHu)
  5458 | D:4      | Noticed Smoke131's ghost (amateur OgGl)
  5458 | D:4      | Noticed asti's ghost (amateur DsFi)
  5461 | D:4      | Noticed souper's ghost (amateur DsHu)
  5929 | D:3      | Noticed Robin
  5938 | D:3      | Killed Robin
  5949 | D:3      | Offered knowledge of Scorch by Vehumet.
  5950 | D:3      | Found an ancient bone altar of Kikubaaqudgha.
  6419 | D:3      | Reached XP level 8. HP: 57/57 MP: 13/15
  6447 | D:3      | Found a runed translucent door.
  6448 | D:3      | Noticed Crazy Yiuf
  6578 | D:3      | Noticed kingofthe's ghost (amateur DECj)
  6605 | D:3      | Reached ** piety under Vehumet
  6611 | D:3      | Killed kingofthe's ghost
  6811 | D:3      | Killed Crazy Yiuf
  6955 | D:6      | Reached skill level 9 in Conjurations
  6957 | D:6      | Slain by a gnoll sergeant

Illustrated notes

Levels and vault maps discovered:
D:1:      onia_arrival_mini_spirals, layout_rooms, serial_co_window_serial,
          co_window_paths_b, co_window_paths_b, co_window_paths_a,
          co_window_corner_a, co_window_of_opportunity_a,
          co_window_of_opportunity_a, co_window_corner_a, co_window_paths_c,
          co_window_2corner, co_window_broadway_a, co_window_4corner_a,
          glass_columns_b, glass_columns_a, glass_columns_c, glass_columns_c
D:2:      minmay_alternating_diamond, layout_basic, grunt_ministairs_10,
          hex_intersection, minmay_misc_feat_plants, grunt_decor_resistance
D:3:      layout_loops_ring, mainiacjoe_overflow_cross_hatched,
          kiku_gazebo_pond_becter, gammafunk_ghost_icy, uniq_terence,
          uniq_robin, uniq_crazy_yiuf_cottage
D:4:      layout_gridville, fedhas_altar_1, minmay_temple_entry_junction_2,
          gammafunk_ghost_cemetery, uniq_eustachio
D:5:      layout_basic, lemuel_tele_altar,
          mainiacjoe_overflow_concentric_impassable, okawaru_metal_pillars_1_2,
          nicolae_ossuary_entry_catacombs
D:6:      layout_basic, uniq_grinder

Skill      XL: |  1  2  3  4  5  6  7  8 |
---------------+-------------------------+-----
Conjurations   | 5 6 7 8 9 |  9.0
Spellcasting   | 3 4 5 |  5.3
Dodging        | |  1.7
Stealth        | |  1.7

Action                     |  1- 3 |  4- 6 |  7- 9 || total
---------------------------+-------+-------+-------++-------
  Melee: Unarmed           |     4 |       |       ||     4
         Tailslap          |     3 |     3 |       ||     6
         Hand axe          |    15 |    16 |    16 ||    47
   Cast: Magic Dart        |    76 |    31 |       ||   107
         Searing Ray       |       |    31 |    37 ||    68
Ability: Breathe Noxious F |       |       |     8 ||     8
  Evoke: Wand              |       |       |     1 ||     1
    Use: Scroll            |       |     5 |       ||     5
         Potion            |       |       |     3 ||     3
   Stab: Confused          |       |       |     1 ||     1
         Sleeping          |       |       |     1 ||     1
 Armour: Skin              |    15 |     8 |    13 ||    36
  Dodge: Dodged            |    15 |    21 |    28 ||    64

Table legend: (Time is in decaauts)
 A = Elapsed time spent in this place.
 B = Non-inter-level travel time spent in this place.
 C = Inter-level travel time spent in this place.
 D = Time resting spent in this place.
 E = Time spent auto-exploring this place.
 F = Levels seen in this place.
 G = Mean time per level.
                   A        B        C        D        E       F      G
               +--------+--------+--------+--------+--------+-----+--------+
         Total |   6973 |   6762 |    211 |    436 |   5406 |   7 |  996.1 |
       Dungeon |   6399 |   6188 |    211 |    213 |   5163 |   6 | 1066.5 |
       Ossuary |    574 |    574 |      0 |    223 |    243 |   1 |  574.0 |
               +--------+--------+--------+--------+--------+-----+--------+

Top non-repeatable levels by time:
     D:3: 1366 daAuts
     D:2: 1303 daAuts
     D:1: 1259 daAuts
     D:5: 1202 daAuts
     D:4: 1168 daAuts
 Ossuary: 574 daAuts
     D:6: 99 daAuts
